 Dungeon Crawl Stone Soup version 0.24.0-13-gcf9b319 (webtiles) character file.

Game seed: 9704194757130075698, levelgen mode: deterministic

6006 Darlock the Carver (level 10, 0/90 HPs)
             Began as a Minotaur Fighter on Dec 20, 2019.
             Was a Priest of Wu Jian.
             Slain by a centaur (5 damage)
             ... on level 8 of the Dungeon.
             The game lasted 00:34:58 (6526 turns).

Darlock the Carver (Minotaur Fighter)               Turns: 6526, Time: 00:34:59

Health: 0/90       AC: 13    Str: 22    XL:     10   Next: 56%
Magic:  9/9        EV:  9    Int:  7    God:    Wu Jian [***...]
Gold:   406        SH: 12    Dex: 12    Spells: 9/9 levels left

rFire    + . .     SeeInvis .   a - +0 long sword
rCold    . . .     Gourm    +   c - +0 shield
rNeg     . . .     Faith    .   g - +2 chain mail {rC+}
rPois    .         Spirit   .   (helmet restricted)
rElec    .         Reflect  .   s - scarf {repulsion}
rCorr    .         Harm     .   (no gloves)
MR       .....                  (no boots)
Stlth    ..........             o - amulet of the gourmand
HPRegen  0.25/turn              F - ring of fire
MPRegen  0.11/turn              H - +2 ring of intelligence

@: repel missiles
A: retaliatory headbutt, horns 2
a: Wall Jump, Serpent's Lash, Renounce Religion


You were on level 8 of the Dungeon.
You worshipped Wu Jian.
Wu Jian was most pleased with you.
You were not hungry.

You visited 2 branches of the dungeon, and saw 9 of its levels.

You collected 406 gold pieces.

Inventory:

Hand Weapons
 a - a +0 long sword (weapon)
 u - a +4 dire flail
 J - a +2 whip of freezing
Missiles
 i - 11 boomerangs (quivered)
 v - 15 javelins
Armour
 c - a +0 shield (worn)
 g - a +2 chain mail of cold resistance (worn)
 s - a scarf of repulsion (worn)
Jewellery
 o - an amulet of the gourmand (around neck)
 x - an uncursed amulet of guardian spirit {unknown}
 F - a ring of fire (left hand)
 H - a +2 ring of intelligence (right hand)
Wands
 G - a wand of digging (3)
 I - a wand of random effects (17)
Scrolls
 h - 3 scrolls of teleportation {unknown}
 k - 12 scrolls of identify {unknown}
 l - a scroll of fog {unknown}
 m - a scroll of remove curse {unknown}
 q - 2 scrolls of amnesia {unknown}
 r - 3 scrolls of immolation {unknown}
 t - 3 scrolls of blinking {unknown}
 y - a scroll of enchant armour {unknown}
 A - a scroll of noise {unknown}
 B - 2 scrolls of fear {unknown}
Potions
 b - 4 potions of heal wounds {unknown}
 e - 2 potions of mutation {unknown}
 j - a potion of curing {unknown}
 n - a potion of flight {unknown}
 p - 2 potions of brilliance {unknown}
 w - a potion of berserk rage {unknown}
 z - 2 potions of haste {unknown}
 C - 4 potions of agility {unknown}
 D - a potion of lignification {unknown}
 E - a potion of magic {unknown}
Comestibles
 f - 15 rations


   Skills:
 + Level 8.4 Fighting
 + Level 11.0 Long Blades
 + Level 1.4 Throwing
 + Level 9.9 Armour
 + Level 3.5 Dodging
 + Level 0.5 Stealth
 + Level 9.8 Shields


You had 9 spell levels left.
You didn't know any spells.
Your spell library contained the following spells:

 Spells                   Type           Power        Failure   Level  Hunger
 Confusing Touch          Hex            #.....       99%         1    ##.....
 Confuse                  Hex            #.......     100%        3    ####...
 Gell's Gravitas          Tloc           #.........   100%        3    ####...
 Petrify                  Tmut/Erth      #.......     100%        4    #####..
 Metabolic Englaciation   Hex/Ice        #.........   100%        5    ######.
 Yara's Violent Unravell  Hex/Tmut       #.........   100%        5    ######.


Dungeon Overview and Level Annotations

Branches:
Dungeon (8/15)             Temple (1/1) D:6            Lair (0/6) D:8

Altars:
Ashenzari
Dithmenos
Elyvilon
Fedhas
Gozag
Hepliaklqana
Kikubaaqudgha
Makhleb
Nemelex Xobeh
Okawaru
Qazlal
Ru
Sif Muna
Uskayaw
Vehumet
Wu Jian
Xom
Yredelemnul
Zin
The Shining One


Innate Abilities, Weirdness & Mutations

You reflexively headbutt those who attack you in melee.
You have a pair of horns on your head.


Message History

The centaur shoots an arrow.
The arrow is repelled.
The centaur shoots an arrow.
You block the arrow.
You see here an arrow.
There is a staircase to the Lair here.
You spin and attack the two-headed ogre.
You hit the two-headed ogre.
The two-headed ogre is severely wounded.
The centaur shoots an arrow.
You block the arrow. You block the two-headed ogre's attack.
The two-headed ogre closely misses you.
You see here an arrow.
You spin and attack the two-headed ogre.
You hit the two-headed ogre. You headbutt the two-headed ogre!
You kill the two-headed ogre!
The Council accepts your kill.
Your Long Blades skill increases to level 11!
The centaur unwields a +0 shortbow.
You block the centaur's attack.
You spin and attack the centaur.
You slash the centaur!
The centaur is moderately wounded.
The centaur hits you.
You die...

###.....### #.# ##.###
##..P.....P####.# #.>##.
##..$..P♣♣.....#.## #..##.
#.PP..............# #..##.
#♣(...P.PP....##..###..##.
P.........♣..(.(.........#
.....(.♣(...(.....###...##
.P..P..>)..(..♣#.......##
...[....(@c....##.###.#.##
...$...........##.# #....#
#..P.P......P..##.# #####.
#..P...........##.# #.
#.♣♣PP............# #) #
#........P.#.#..# #.
###.............# #.
###.####.#.#.###### ##
#...YYt......####


You could see a centaur (pinned).

Vanquished Creatures
  A two-headed ogre (D:8)
  Pikel (D:8)
  A troll (D:7)
  4 yaks (D:8)
  A wyvern (D:8)
  A basilisk (D:8)
  A water moccasin (D:8)
  4 porcupines (D:8)
  An ice beast (D:7)
  2 phantoms
  3 slaves (D:8)
  2 sky beasts
  5 ogres
  3 crocodiles (D:8)
  3 centaurs
  6 bullfrogs
  A wyvern zombie (D:7)
  A water moccasin skeleton (D:5)
  A scorpion (D:6)
  9 wights
  3 howler monkeys
  2 crimson imps
  A gnoll shaman (D:4)
  5 hounds
  A jelly (D:7)
  2 bullfrog skeletons
  An orc priest (D:5)
  An orc wizard (D:4)
  A centaur skeleton (D:4)
  Terence (D:2)
  2 worker ants
  4 iguanas
  A killer bee zombie (D:8)
  A hound zombie (D:6)
  6 gnolls
  A worker ant zombie (D:8)
  11 adders
  An ooze (D:5)
  2 adder skeletons
  5 worms
  5 dart slugs
  5 leopard geckos
  14 orcs
  5 giant cockroaches
  9 goblins
  11 hobgoblins
  10 jackals
  9 kobolds
  3 quokkas
  3 ball pythons
  A ball python skeleton (D:4)
  4 bats
  3 frilled lizards
  A quokka skeleton (D:5)
  6 rats
  A fungus (D:2)
193 creatures vanquished.

Vanquished Creatures (others)
  A slave (D:8)
  2 bushes (D:8)
  4 fungi (D:8)
  9 plants (D:8)
16 creatures vanquished.

Grand Total: 209 creatures vanquished

Notes
Turn   | Place    | Note
-------+----------+-------------------------------------------
     0 | D:1      | Darlock the Minotaur Fighter began the quest for the Orb.
     0 | D:1      | Reached XP level 1. HP: 19/19 MP: 0/0
    79 | D:2      | Noticed Terence
    98 | D:2      | Killed Terence
    98 | D:2      | Reached XP level 2. HP: 19/27 MP: 1/1
   100 | D:2      | Reached XP level 3. HP: 23/33 MP: 2/2
   118 | D:2      | Reached skill level 3 in Long Blades
   203 | D:3      | Reached XP level 4. HP: 34/40 MP: 3/3
   374 | D:4      | You fall into a shaft and drop 1 floor!
   374 | D:5      | Entered Level 5 of the Dungeon
   397 | D:5      | Noticed a sky beast
   418 | D:5      | Killed a sky beast
   418 | D:5      | Reached skill level 4 in Long Blades
   418 | D:5      | Reached skill level 5 in Armour
   418 | D:5      | Reached skill level 1 in Dodging
   418 | D:5      | Reached XP level 5. HP: 23/47 MP: 4/4
   450 | D:5      | Found a basalt altar of Yredelemnul.
   499 | D:6      | Noticed a centaur
   505 | D:6      | Killed a centaur
   505 | D:6      | Reached XP level 6. HP: 23/53 MP: 5/5
   571 | D:6      | Reached skill level 5 in Long Blades
   701 | D:6      | Reached skill level 5 in Fighting
   701 | D:6      | Reached XP level 7. HP: 9/61 MP: 6/6
   704 | D:6      | Reached skill level 6 in Long Blades
   704 | D:6      | Reached skill level 5 in Shields
   734 | D:6      | Found a staircase to the Ecumenical Temple.
   750 | Temple   | Entered the Ecumenical Temple
   776 | Temple   | Became a worshipper of the Wu Jian Council
  1074 | D:5      | Reached skill level 7 in Long Blades
  1492 | D:3      | Reached XP level 8. HP: 69/69 MP: 7/7
  2147 | D:2      | Reached * piety under Wu Jian
  2725 | D:2      | Found a sacrificial altar of Ru.
  3857 | D:4      | Reached skill level 8 in Long Blades
  5065 | D:7      | Reached ** piety under Wu Jian
  5093 | D:7      | Reached XP level 9. HP: 51/75 MP: 8/8
  5098 | D:7      | Reached skill level 9 in Long Blades
  5288 | D:7      | Noticed a troll
  5313 | D:7      | Killed a troll
  5604 | D:8      | Noticed Pikel
  5627 | D:8      | Killed Pikel
  5627 | D:8      | Reached skill level 1 in Throwing
  5655 | D:8      | Found an opulent altar of Gozag.
  5655 | D:8      | Found a sparkling altar of Nemelex Xobeh.
  5680 | D:8      | Reached skill level 10 in Long Blades
  5804 | D:8      | Found a hazy altar of Hepliaklqana.
  5835 | D:8      | Reached XP level 10. HP: 17/88 MP: 9/9
  5866 | D:8      | Found a sparkling altar of Nemelex Xobeh.
  5945 | D:8      | HP: 4/88 [crocodile (11)]
  6422 | D:8      | Reached *** piety under Wu Jian
  6490 | D:8      | Noticed a two-headed ogre
  6515 | D:8      | Found a staircase to the Lair.
  6517 | D:8      | HP: 3/88 [two-headed ogre/+0 giant club (6)]
  6525 | D:8      | Killed a two-headed ogre
  6525 | D:8      | Reached skill level 11 in Long Blades
  6526 | D:8      | Slain by a centaur

Levels and vault maps discovered:
D:1:      dpeg_arrival_shrine, layout_basic
D:2:      layout_basic, nicolae_ru_the_path_less_chosen, uniq_terence
D:3:      layout_loops_ring, patterned_corridor
D:4:      layout_basic, first_ration
D:5:      layout_loops_corners, old_standard_altar
D:6:      layout_basic, minmay_temple_entry_overgrown
D:7:      layout_rooms
D:8:      layout_loops_ring, grunt_temple_overflow_opulence, kennysheep_mini,
          minmay_lair_entry_grove, gammafunk_ghost_ooze,
          hangedman_little_slice_of_home, nemelex_xobeh_ov_fountains_minmay,
          uniq_joseph, uniq_pikel, uniq_erica
Temple:   lightli_temple_of_artemis

Skill      XL: |  1  2  3  4  5  6  7  8  9 10 |
---------------+-------------------------------+-----
Fighting       | 4 5 6 7 8 |  8.4
Armour         | 4 5 6 7 8 9 |  9.9
Shields        | 4 5 7 9 |  9.8
Long Blades    | 3 4 5 7 8 10 11 | 11.0
Dodging        | 1 2 3 |  3.5
Throwing       | 1 |  1.4
Stealth        | |  0.5

Action                   |  1- 3 |  4- 6 |  7- 9 | 10-12 || total
-------------------------+-------+-------+-------+-------++-------
Melee: Long sword        |    55 |    97 |   461 |    92 ||   705
       Headbutt          |    11 |    27 |   102 |    25 ||   165
Throw: Boomerang         |       |       |     8 |     7 ||    15
Invok: Lunge             |       |       |    31 |     4 ||    35
       Whirlwind         |       |       |    79 |    29 ||   108
  Use: Potion            |       |       |     1 |     1 ||     2
  Eat: Chunk             |       |       |    19 |     4 ||    23
Armor: Scale mail        |    10 |       |       |       ||    10
       Chain mail        |    14 |    56 |   197 |    31 ||   298
Dodge: Dodged            |    14 |    35 |   119 |    22 ||   190
       Deflected         |       |       |     5 |     3 ||     8
Block: Shield            |    30 |    51 |   237 |    53 ||   371
       Rpst.: Long sword |     4 |     8 |    31 |     6 ||    49
